Map: Acid Plant LE

Players

zuka - Winner!

  • Race: Protoss Protoss
  • League: Master
  • Spawn Location: 5:00

Shichibukai

  • Race: Protoss Protoss
  • League: Master
  • Spawn Location: 11:00

VOD

Have the link to the VOD?

Description

Time

  • Played on: Oct. 29, 2018, 3:57 p.m.
  • Length: 8:10
Show
View Real Time Build Order
Export as new Build Order

zuka Protoss - Winner!

Build Orders:  

Get SALT Encoding   

  12  0:00  Probe  
  13  0:13  Probe  
  14  0:17  Pylon  
  14  0:21  Probe  
  15  0:32  Probe  
  15  0:38  Gateway  
  16  0:42  Probe  
  16  0:48  Assimilator  
  17  0:54  Probe  
  17  0:56  Assimilator  
  18  1:07  Probe  
  19  1:13  Gateway  
  19  1:16  Probe  
  19  1:25  Probe  
  20  1:27  Cybernetics Core  
  21  1:36  Pylon  
  21  1:39  Probe  
  22  1:51  Probe  
  23  2:03  Probe  
  23  2:04  Stalker, Sentry  
  23  2:05  Warp Gate  
  29  2:15  Probe  
  29  2:19  Pylon  
  29  2:28  Stargate  
  29  2:35  Stalker  
  31  2:41  Probe  
  31  2:43  Shield Battery  
  31  3:06  Robotics Facility  
  31  3:11  Pylon, Void Ray  
  31  3:25  Probe  
  36  3:35  Shield Battery  
  36  3:37  Probe  
  37  3:55  Nexus  
  37  3:59  Immortal  
  41  4:13  Probe  
  42  4:25  Probe  
  47  4:45  Pylon  
  47  4:51  Observer  
  44  4:55  Probe  
  45  5:03  Pylon, Void Ray  
  45  5:05  Probe x2  
  50  5:13  Probe x2, Immortal  
  57  5:21  Probe  
  57  5:22  Probe  
  59  5:33  Pylon, Probe  
  59  5:34  Probe  
  61  5:42  Void Ray  
  65  5:51  Warp Prism  
  65  5:53  Gateway  
  67  5:58  Gateway  
  67  6:06  Gateway  
  67  6:07  Sentry x2  
  71  6:13  Gateway  
  71  6:17  Pylon  
  71  6:31  Stalker x2  
  75  6:39  Pylon  
  75  6:56  Stalker x2  
  75  6:57  Stalker x2  
  75  7:00  Shield Battery  
  67  7:23  Stalker x2  
  67  7:24  Stalker x2  
  59  8:05  Stalker x4  
  61  8:06  Stalker  
Show
View Real Time Build Order
Export as new Build Order

Shichibukai Protoss 

Build Orders: Zealot Archon, Dark Templar Rush 

Get SALT Encoding   

  12  0:05  Probe  
  12  0:13  Probe  
  13  0:21  Pylon  
  14  0:22  Probe  
  15  0:39  Probe, Gateway  
  16  0:51  Probe  
  16  0:52  Assimilator  
  16  0:56  Assimilator  
  17  1:03  Probe  
  18  1:15  Probe  
  19  1:23  Gateway  
  19  1:25  Probe  
  19  1:26  Cybernetics Core  
  20  1:34  Probe  
  20  1:36  Pylon  
  21  1:43  Probe  
  22  1:56  Probe  
  23  2:06  Stalker  
  25  2:10  Stalker  
  25  2:11  Shield Battery  
  25  2:13  Warp Gate  
  27  2:32  Twilight Council  
  27  2:36  Stalker  
  29  2:42  Pylon  
  29  2:46  Stalker  
  31  3:10  Dark Shrine, Gateway  
  31  3:21  Probe  
  32  3:30  Robotics Facility  
  32  3:33  Pylon  
  32  3:56  Nexus  
  31  4:13  Probe  
  32  4:20  Observer  
  32  4:21  Dark Templar  
  32  4:22  Dark Templar  
  37  4:41  Charge  
  37  4:52  Probe  
  38  5:03  Probe  
  38  5:05  Probe  
  41  5:11  Probe  
  41  5:13  Probe  
  42  5:14  Shield Battery  
  42  5:19  Probe  
  42  5:23  Probe  
  42  5:26  Gateway x2  
  42  5:27  Archon  
  44  5:31  Probe  
  44  5:32  Gateway  
  46  5:36  Dark Templar  
  46  5:38  Probe  
  46  5:41  Dark Templar  
  50  5:43  Probe  
  50  5:48  Archon  
  51  5:52  Probe  
  51  5:55  Probe  
  53  6:00  Pylon  
  53  6:04  Probe  
  53  6:07  Probe  
  55  6:17  Probe  
  56  6:22  Dark Templar x2  
  56  6:25  Assimilator  
  61  6:26  Assimilator  
  61  6:27  Archon, Pylon  
  61  6:28  Pylon  
  61  6:30  Zealot  
  61  6:32  Zealot  
  64  6:35  Zealot x2  
  67  6:55  Zealot x3  
  67  6:56  Zealot x3  
  62  7:39  Pylon  
  62  7:40  Pylon  
  56  7:57  Zealot x2  
Tags
 
Composition
Zealot Archon
Matchup
PvP
Spawn Locations
Cross Positions
Add a new tag
Caveats
  • Supply blocks, unpowered buildings, or Contaminate may cause inaccurate times.
  • Supply counts are checked every 10 seconds.